 Dungeon Crawl Stone Soup version 0.26-a0-264-g3a471323bd (webtiles) character file.

Game seed: 17261466047591339274

438 BritishOli the Covered (level 6, -1/48 HPs)
             Began as a Demonspawn Fighter on July 11, 2020.
             Was an Initiate of Okawaru.
             Slain by a mummy (5 damage)
             ... in an ossuary.
             The game lasted 00:03:37 (4851 turns).

BritishOli the Covered (Demonspawn Fighter)         Turns: 4851, Time: 00:03:37

Health: -1/48      AC: 12    Str: 25    XL:     6   Next: 69%
Magic:  6/6        EV:  9    Int:  9    God:    Okawaru [......]
Gold:   286        SH: 10    Dex: 12    Spells: 5/5 levels left

rFire    + . .     SeeInvis .   a - +0 long sword
rCold    . . .     Faith    .   c - +0 kite shield
rNeg     . . .     Spirit   .   x - +5 scale mail of the Fisher {rF+}
rPois    .         Reflect  .   (helmet restricted)
rElec    .         Harm     .   (no cloak)
rCorr    .                      (no gloves)
MR       .....                  (no boots)
Stlth    ..........             (no amulet)
HPRegen  0.16/turn              q - +6 ring of strength
MPRegen  0.10/turn              w - ring of wizardry

@: no status effects
A: antennae 2, repulsion field 1
a: Renounce Religion


You were in an ossuary.
You worshipped Okawaru.
Okawaru was noncommittal.
You were not hungry.

You visited 2 branches of the dungeon, and saw 6 of its levels.
You also visited: Ossuary.

You collected 286 gold pieces.

Inventory:

Hand Weapons
 a - a +0 long sword (weapon)
Armour
 c - a +0 kite shield (worn)
 x - the +5 scale mail of the Fisher (worn) {rF+}
   (You found it on level 4 of the Dungeon)

   It protects you from fire.
Jewellery
 q - a +6 ring of strength (left hand)
 w - a ring of wizardry (right hand)
Wands
 s - a wand of disintegration (10)
 z - a wand of digging (3)
Scrolls
 e - 2 scrolls of amnesia {unknown}
 h - 3 scrolls of remove curse {unknown}
 j - 7 scrolls of identify {unknown}
 m - 2 scrolls of blinking {unknown}
 o - a scroll of enchant weapon {unknown}
 r - a scroll of magic mapping {unknown}
 v - 2 scrolls of teleportation {unknown}
 y - a scroll of random uselessness {unknown}
 A - a scroll of enchant armour {unknown}
 B - a scroll of immolation {unknown}
Potions
 b - a potion of mutation {unknown}
 d - 3 potions of might
 g - a potion of stabbing {unknown}
 i - 2 potions of brilliance {unknown}
 k - 2 potions of lignification {unknown}
 l - 4 potions of heal wounds {unknown}
 n - a potion of haste {unknown}
 p - 2 potions of curing {unknown}
 t - a potion of cancellation {unknown}
 u - a potion of flight {unknown}
 C - a potion of magic {unknown}
Comestibles
 f - 14 rations


   Skills:
 + Level 4.1 Fighting
 * Level 4.1 Long Blades
 * Level 4.5 Armour
 + Level 3.7 Shields


You had 5 spell levels left.
You didn't know any spells.
Your spell library was empty.

Dungeon Overview and Level Annotations

Branches:
Dungeon (5/15)             Temple (1/1) D:5         Ossuary (1/1)

Altars:
Ashenzari
Gozag
Nemelex Xobeh
Okawaru
Qazlal
Sif Muna
Vehumet


Innate Abilities, Weirdness & Mutations

You have a pair of antennae on your head.
You are surrounded by a mild repulsion field. (EV +2)


Message History

The mummy hits you! The gnoll zombie barely misses you.
You hit the gnoll zombie.
You destroy the gnoll zombie!
Okawaru accepts your kill. The mummy hits you!
You block the gnoll zombie's attack.
You are too injured to fight recklessly!
You are too injured to fight recklessly!
You are too injured to fight recklessly!
You are too injured to fight recklessly!
You are too injured to fight recklessly!
You are too injured to fight recklessly!
You barely miss the mummy. You block the orc zombie's attack.
The mummy hits you!
* * * LOW HITPOINT WARNING * * *
The gnoll zombie hits you.
* * * LOW HITPOINT WARNING * * *
You completely miss the mummy. The orc zombie barely misses you.
The gnoll zombie hits you but does no damage.
The mummy hits you.
You die...

#....#
#....#
#....#
#....#
#....#
#....#
#....#
#ZZ..#
#@MZ.#
######


You could see a mummy, a hobgoblin zombie, a gnoll zombie and an orc zombie.

Vanquished Creatures
  A howler monkey (D:3)
  An orc priest (D:3)
  A hound (D:4)
  An iguana (D:4)
  2 orc wizards (D:3)
  Natasha (thrice) (D:3)
  Terence (D:2)
  A mummy (Ossuary)
  7 adders
  A leopard gecko (D:1)
  5 orcs
  3 ball pythons
  4 giant cockroaches
  10 goblins
  8 hobgoblins
  4 jackals (D:3)
  6 kobolds
  3 quokkas
  13 bats
  4 frilled lizards
  2 gnoll zombies (Ossuary)
  A hobgoblin zombie (Ossuary)
  A kobold zombie (Ossuary)
  2 quokka skeletons (D:4)
  12 rats
97 creatures vanquished.

Notes
Turn   | Place    | Note
-------+----------+-------------------------------------------
     0 | D:1      | BritishOli the Demonspawn Fighter began the quest for the
                  | Orb.
     0 | D:1      | Reached XP level 1. HP: 18/18 MP: 1/1
   421 | D:1      | Gained mutation: You have a pair of small antennae on your
                  | head. [demonic ancestry]
   421 | D:1      | Reached XP level 2. HP: 24/24 MP: 2/2
   873 | D:1      | Gained mutation: You are surrounded by a mild repulsion
                  | field. (EV +2) [demonic ancestry]
   873 | D:1      | Reached XP level 3. HP: 29/29 MP: 3/3
  1054 | D:2      | Found a stormy altar of Qazlal.
  1057 | D:2      | Found a shimmering blue altar of Sif Muna.
  1356 | D:2      | Noticed Terence
  1367 | D:2      | Killed Terence
  1367 | D:2      | Reached XP level 4. HP: 33/35 MP: 4/4
  1878 | D:2      | Found a faded altar of an unknown god.
  1977 | D:3      | Noticed Natasha
  1981 | D:3      | Killed Natasha
  2037 | D:3      | Noticed Natasha
  2042 | D:3      | Killed Natasha
  2051 | D:3      | Gained mutation: You have a pair of antennae on your head.
                  | [demonic ancestry]
  2051 | D:3      | Reached XP level 5. HP: 23/41 MP: 5/5
  2245 | D:3      | Noticed Natasha
  2264 | D:3      | HP: 2/41 [Natasha (5)]
  2266 | D:3      | Killed Natasha
  2776 | D:3      | Found a shattered altar of Ashenzari.
  3966 | D:3      | Reached XP level 6. HP: 48/48 MP: 6/6
  3995 | D:4      | Got a jewelled scale mail
  4016 | D:3      | Identified the +5 scale mail of the Fisher {rF+} (You found
                  | it on level 4 of the Dungeon)
  4336 | D:4      | Found a radiant altar of Vehumet.
  4519 | D:5      | Entered Level 5 of the Dungeon
  4703 | D:5      | Found a staircase to the Ecumenical Temple.
  4712 | Temple   | Entered the Ecumenical Temple
  4734 | Temple   | Became a worshipper of Warmaster Okawaru
  4808 | D:5      | Found a sand-covered staircase.
  4815 | Ossuary  | Entered an ossuary
  4851 | Ossuary  | Slain by a mummy

Illustrated notes

Levels and vault maps discovered:
D:1:      dpeg_arrival_subterranean_lakeside_camping, layout_basic
D:2:      layout_rooms, grunt_temple_overflow_open,
          chequers_ecumenical_altar_lobes, minmay_misc_feat_secret_circle,
          minmay_misc_feat_x, minivault_25, minmay_tetromino_s4, uniq_terence
D:3:      layout_basic, nicolae_ashenzari_panopticon, uniq_natasha
D:4:      layout_loops_ring, kennysheep_mini, first_ration
D:5:      layout_basic, minmay_temple_entry_statues, gammafunk_ghost_smash,
          gup_ossuary_entry_pyramid, guppyfry_shop_venom, uniq_sigmund
Temple:   hc_temple_tempest_star
Ossuary:  ossuary_tomb_3

Skill      XL: |  1  2  3  4  5  6 |
---------------+-------------------+-----
Long Blades    | 2 3 4 |  4.1
Armour         | 3 4 |  4.5
Shields        | 3 |  3.7
Fighting       | 4 |  4.1

Action                   |  1- 3 |  4- 6 || total
-------------------------+-------+-------++-------
Melee: Long sword        |   122 |   245 ||   367
  Eat: Ration            |     1 |     3 ||     4
Armor: Scale mail        |    60 |    87 ||   147
Dodge: Dodged            |    39 |   108 ||   147
Block: Kite shield       |    66 |   149 ||   215
       Rpst.: Long sword |    10 |    27 ||    37

Table legend:
 A = Non-vault XP
 B = Vault XP
 C = Vault XP percentage of total XP
 D = Non-vault monster count
 E = Vault monster count
 F = Vault count percentage of total count
                 A         B        C        D         E       F
            +---------+---------+-------+---------+---------+-------
      Total |     530 |      97 |  15.5 |      84 |      13 |  13.4
            +---------+---------+-------+---------+---------+-------
        D:1 |      38 |       9 |  19.1 |      25 |       6 |  19.4
        D:2 |      38 |      32 |  45.7 |      17 |       1 |   5.6
        D:3 |     305 |      33 |   9.8 |      27 |       1 |   3.6
        D:4 |     134 |       0 |   0.0 |      13 |       0 |   0.0
        D:5 |      15 |       0 |   0.0 |       2 |       0 |   0.0
    Ossuary |       0 |      23 | 100.0 |       0 |       5 | 100.0
            +---------+---------+-------+---------+---------+-------
